 Dungeon Crawl Stone Soup version 0.13.0-11-g0187522 (webtiles) character file.

283 4tharraofdagon the Chopper (level 5, 0/47 HPs)
             Began as a Minotaur Berserker on Oct 18, 2013.
             Was a Believer of Trog.
             Slain by a crimson imp (1 damage)
             ... on Level 6 of the Dungeon.
             The game lasted 00:02:47 (530 turns).

4tharraofdagon the Chopper (Minotaur Berserker)      Turns: 530, Time: 00:02:47

HP   0/47        AC  4     Str 23      XL: 5   Next: 70%
MP   1/1         EV 11     Int  4      God: Trog [**....]
Gold 55          SH  7     Dex  9      Spells:  0 memorised,  4 levels left

Res.Fire  : + . .   See Invis. : .   i - +0,+2 orc hand axe
Res.Cold  : + . .   Warding    : .   b - +0 animal skin
Life Prot.: . . .   Conserve   : .   e - +1 dwarf buckler
Res.Poison: +       Res.Corr.  : .   (helmet restricted)
Res.Elec. : +       Clarity    : .   h - +0 cloak
Sust.Abil.: . .     Spirit.Shd : .   f - +0 pair of gauntlets
Res.Mut.  : .       Stasis     : .   (no boots)
Res.Rott. : .       Flight     : .   (no amulet)
Saprovore : . . .                    (no ring)
                                     (no ring)

@: exhausted, slowed, very slow, slightly resistant to hostile enchantments,
very unstealthy
A: retaliatory headbutt, horns 2
a: Burn Spellbooks, Berserk, Trog's Hand, Renounce Religion


You were on level 6 of the Dungeon.
You worshipped Trog.
Trog was pleased with you.
You were not hungry.

You visited 1 branch of the dungeon, and saw 6 of its levels.

You collected 35 gold pieces.

Inventory:

Hand weapons
 a - a +0,+0 hand axe {=f}
 i - a +0,+2 orcish hand axe (weapon)
Armour
 b - a +0 animal skin (worn)
 e - a +1 dwarven buckler (worn)
 f - a +0 pair of gauntlets (worn)
 h - a +0 cloak (worn)
Comestibles
 c - 3 bread rations
 k - a beef jerky
Scrolls
 d - 2 scrolls of remove curse {unknown}
Books
 l - a book of Transfigurations

   Spells                             Type                      Level
   Stoneskin                          Transmutation/Earth          2
   Polymorph                          Hexes/Transmutation          4
   Ice Form                           Ice/Transmutation            4
   Statue Form                        Transmutation/Earth          6
   Dragon Form                        Transmutation                7
   Trog disapproves of the use of such an item.


   Skills:
 + Level 5.2 Fighting
 * Level 5.9 Axes
 + Level 4.0 Armour
 - Level 2.1 Dodging


You had 4 spell levels left.
You didn't know any spells.

Dungeon Overview and Level Annotations

Branches:
Dungeon (6/27)
 Temple: D:4-7          Orc: D:6-11

Altars:
Elyvilon


Innate Abilities, Weirdness & Mutations

You reflexively headbutt those who attack you in melee.
You have a pair of horns on your head.


Message History

The jackal barely misses you.
Unknown command.
You hit the jackal.
You kill the jackal!
Trog accepts your kill.
You hit the jackal.
You kill the jackal!
Trog accepts your kill. The bat misses you.
The bat hits you but does no damage. The crimson imp barely misses you.
Unknown command.
You hit the bat.
You kill the bat!
Trog accepts your kill.
You closely miss the crimson imp.
* * * LOW HITPOINT WARNING * * *
You feel sick.
You feel better. The crimson imp hits you.
You die...

### . ... . ..#
#. #.# #. #.#
#..#.# #..#.#
#...<# #.##@#
...(...).5.......
##.#.##.#..#.## #
....... #.# #..#
... ... ..# # ###


You could see a crimson imp.

Vanquished Creatures
  2 hounds
  An orc priest (D:3)
  2 orc wizards (D:3)
  2 scorpions
  A giant eyeball (D:4)
  4 orcs
  2 bats
  A giant cockroach (D:3)
  3 hobgoblins
  4 jackals (D:6)
  2 kobolds (D:3)
  2 giant newts (D:3)
  2 goblins
  2 rats
30 creatures vanquished.

Notes
Turn   | Place    | Note
--------------------------------------------------------------
     0 | D:1      | 4tharraofdagon, the Minotaur Berserker, began the quest for the Orb.
     0 | D:1      | Reached XP level 1. HP: 19/19 MP: 0/0
   122 | D:3      | Noticed an orc wizard
   132 | D:3      | Killed an orc wizard
   132 | D:3      | Reached skill level 4 in Fighting
   132 | D:3      | Reached XP level 2. HP: 27/27 MP: 0/0
   132 | D:3      | Reached XP level 3. HP: 33/33 MP: 1/1
   144 | D:3      | Noticed an orc priest
   152 | D:3      | Noticed an orc wizard
   158 | D:3      | Killed an orc wizard
   228 | D:3      | Found a white marble altar of Elyvilon.
   233 | D:3      | Reached XP level 4. HP: 29/40 MP: 1/1
   270 | D:3      | Killed an orc priest
   270 | D:3      | Reached skill level 5 in Axes
   374 | D:3      | Acquired Trog's second power
   398 | D:4      | Paralysed by a giant eyeball for 3 turns
   428 | D:4      | Reached XP level 5. HP: 47/47 MP: 1/1
   429 | D:4      | Reached skill level 5 in Fighting
   460 | D:5      | Entered Level 5 of the Dungeon
   521 | D:6      | Noticed an ogre
   527 | D:6      | HP: 2/47 [jackal (1)]
   530 | D:6      | Slain by a crimson imp

Action                   |  1- 3 |  4- 6 || total
-------------------------+-------+-------++-------
Melee: Hand axe          |    28 |    30 ||    58
Invok: Berserk           |     1 |     3 ||     4
  Use: Potion            |       |     3 ||     3
